 Dungeon Crawl Stone Soup version 0.19-a0-1120-g42b7146 (webtiles) character file.

54 Sixotanaka the Chiller (level 3, 0/24 HPs)
             Began as a Merfolk Ice Elementalist on Aug 11, 2016.
             Slain by a bat (1 damage)
             ... on level 2 of the Dungeon.
             The game lasted 00:03:10 (1626 turns).

Sixotanaka the Chiller (Merfolk Ice Elementalist)   Turns: 1626, Time: 00:03:11

Health: 0/24       AC:  2    Str:  8    XL:     3   Next: 91%
Magic:  1/6        EV: 13    Int: 15    God:
Gold:   37         SH:  0    Dex: 14    Spells: 2 memorised, 3 levels left

rFire  . . .     SeeInvis .     h - -3 club (curse)
rCold  . . .     Gourm    .     a - +0 robe
rNeg   . . .     Faith    .     (no shield)
rPois  .         Spirit   .     (no helmet)
rElec  .         Dismiss  .     (no cloak)
rCorr  .         Reflect  .     (no gloves)
SustAt .         Harm     .     (no boots)
MR     .....                    (no amulet)
Stlth  ++........               (no ring)
                                (no ring)

@:
A: change form in water, swift swim
a: no special abilities


You were on level 2 of the Dungeon.
You were not hungry.

You visited 1 branch of the dungeon, and saw 2 of its levels.

You collected 37 gold pieces.


   Skills:
 - Level 2.6 Dodging
 - Level 2.1 Stealth
 - Level 2.0 Spellcasting
 + Level 2.3 Conjurations
 - Level 4.1 Ice Magic


You had 3 spell levels left.
You knew the following spells:

 Your Spells              Type           Power        Failure   Level  Hunger
x - Throw Frost           Conj/Ice       ##....       12%         2    ###....
z - Freeze                Ice            ##..         4%          1    #......


Dungeon Overview and Level Annotations

Branches:
Dungeon (2/15)

Altars:
Qazlal

Inventory:

Hand Weapons
 h - a cursed -3 club (weapon)
   (You took it off a hobgoblin on level 1 of the Dungeon)
Missiles
 e - 9 poisoned needles
Armour
 a - a +0 robe (worn)
Jewellery
 i - a cursed -2 ring of intelligence {unknown}
   (You found it on level 2 of the Dungeon)
Scrolls
 d - 2 scrolls of fog {unknown}
 g - 2 scrolls of fear {unknown}
 m - a scroll of identify {unknown}
Potions
 f - 2 potions of agility {unknown}
 k - a potion of cancellation {unknown}
 l - 2 potions of might {unknown}
Books
 b - a book of Frost
Comestibles
 c - 3 bread rations {@e1}
 j - a meat ration {@e2}

.................#
######...........#
#.#....w....#
#.#w###.#.#.#
#.#.# ....#.#
#..w# ##..#.#
###...###.....#
#E#..w#E#.....#
####...###@h...#
#......w.b††<..#
#...._....###..#
#............ h..#
####...###....h###
#E#...#E######
###...### ##.#. #.


You could see a fire elemental, a worm, 2 jackals and a bat.


Message History

A bat comes into view.
A dart slug comes into view.
You see here 2 grey potions.
l - 2 grey potions
Found a stormy altar of Qazlal.
You see here a scroll labeled PUOSHETUAPH.
m - a scroll labeled PUOSHETUAPH A jackal comes into view.
Found a stone staircase leading up.
A jackal comes into view.
The jackal barks!
The jackal moves out of view.
Found a leather armour.
Found a stone staircase leading down.
A jackal comes into view.
The jackal bites you.
* * * LOW HITPOINT WARNING * * *
A bat comes into view.
Unknown command.
Aim: a jackal You freeze the jackal.
The jackal barks!
You hear a bark!
The jackal bites you.
* * * LOW HITPOINT WARNING * * *
The bat barely misses you. The jackal closely misses you.
Aim: a jackal (moderately wounded)
You freeze the jackal.
You kill the jackal!
The bat misses you.
The jackal barks!
The jackal misses you. The bat barely misses you.
The jackal closely misses you.
You see here a leather armour.
Okay, then.
Aim: a jackal You freeze the jackal.
The bat hits you but does no damage. The jackal bites you.
* * * LOW HITPOINT WARNING * * *
A jackal comes into view.
Aim: a jackal You freeze the jackal.
The jackal barks!
The bat barely misses you.
The jackal bites you but does no damage.
The jackal barely misses you. The jackal bites you.
* * * LOW HITPOINT WARNING * * *
Aim: a jackal (severely wounded)
You freeze the jackal.
You kill the jackal!
The bat hits you.
You die...

Vault maps used:
D:1:      nicolae_arrival_washed_ashore
D:2:      evilmike_ruin_ashenzari, nicolae_qazlal_style_of_elements,
          xom_redecorated

Vanquished Creatures
  A gnoll (D:1)
  An adder (D:1)
  3 giant geckos
  A ball python (D:1)
  4 bats (D:1)
  A giant cockroach (D:1)
  2 goblins (D:1)
  4 hobgoblins (D:1)
  5 jackals
  4 kobolds
  A giant newt (D:1)
  3 rats (D:1)
30 creatures vanquished.

Table legend:
 A = Turns spent in this place as a percentage of turns spent in the entire game.
 B = Non-inter-level travel turns spent in this place as a percentage of non-inter-level travel turns spent in the entire game.
 C = Inter-level travel turns spent in this place as a percentage of turns spent in this place.
 D = Turns resting spent in this place as a percentage of non-inter-level travel turns spent in this place.
 E = Turns spent auto-exploring this place as a percentage of non-inter-level travel turns spent in this place.
 F = Non-inter-level travel turns spent in this place divided by the number of levels of this place that you've seen.
                   A       B       C       D       E      F
               +-------+-------+-------+-------+-------+----------------------
         Total | 100.0 | 100.0 |   0.2 |   5.9 |  10.7 | 244.0
       Dungeon | 100.0 | 100.0 |   0.2 |   5.9 |  10.7 | 244.0
               +-------+-------+-------+-------+-------+----------------------

Table legend:
 A = Kills in this place as a percentage of kills in entire the game.
 B = Kills by you in this place as a percentage of kills by you in the entire game.
 C = Kills by friends in this place as a percentage of kills by friends in the entire game.
 D = Other kills in this place as a percentage of other kills in the entire game.
 E = Experience gained in this place as a percentage of experience gained in the entire game.
 F = Experience gained in this place divided by the number of levels of this place that you have seen.
                   A       B       C       D       E      F
               +-------+-------+-------+-------+-------+----------------------
         Total | 100.0 | 100.0 |  -nan |  -nan | 100.0 |  39.0
       Dungeon | 100.0 | 100.0 |  -nan |  -nan | 100.0 |  39.0
               +-------+-------+-------+-------+-------+----------------------

Notes
Turn   | Place    | Note
-------+----------+-------------------------------------------
     0 | D:1      | Sixotanaka the Merfolk Ice Elementalist began the quest for the Orb.
     0 | D:1      | Reached XP level 1. HP: 13/13 MP: 3/3
   148 | D:1      | Reached XP level 2. HP: 19/19 MP: 0/5
   190 | D:1      | Reached skill level 4 in Ice Magic
   199 | D:1      | Learned a level 2 spell: Throw Frost
   335 | D:1      | Reached skill level 1 in Conjurations
   504 | D:1      | Reached XP level 3. HP: 10/24 MP: 0/6
  1217 | D:2      | Reached skill level 2 in Conjurations
  1600 | D:2      | HP: 6/24 [worm (10)]
  1611 | D:2      | Found a stormy altar of Qazlal.
  1612 | D:2      | Noticed a water elemental
  1615 | D:2      | Noticed an earth elemental
  1615 | D:2      | Noticed an air elemental
  1615 | D:2      | Noticed a fire elemental
  1620 | D:2      | HP: 6/24 [jackal (2)]
  1624 | D:2      | HP: 2/24 [jackal (2)]
  1626 | D:2      | Slain by a bat

Action                   || total
-------------------------++-------
Melee: Unarmed           ||     4
       Club              ||    10
 Cast: Freeze            ||    64
       Throw Frost       ||     1
  Eat: Chunk             ||     2
       Pizza             ||     1
Armor: Robe              ||    21
Dodge: Dodged            ||    50
